[Event "African Games-chT 2019"]
[Site "Casablanca"]
[Date "2019.08.25"]
[Round "6.12"]
[White "Gabatshwarwe Refilwe"]
[Black "Miladi, Amen"]
[Result "1-0"]
[ECO "A48"]
[WhiteElo "1649"]
[BlackElo "1811"]
[Annotator "NA"]
[PlyCount "95"]
[EventDate "2019.08.24"]
[EventType "team-tourn"]
[EventCountry "MAR"]
[SourceTitle "playchess.com"]
[Source "ChessBase"]
[SourceQuality "1"]
[WhiteTeam "Botswana"]
[BlackTeam "Tunisia"]
[WhiteTeamCountry "BOT"]
[BlackTeamCountry "TUN"]
[TimeControl "900+10"]

1. d4 Nf6 2. Nf3 g6 3. Bf4 Bg7 4. e3 d6 5. h3 O-O 6. Be2 Nbd7 7. c3 Re8 8. Bh2 e5 9. dxe5 dxe5 10. Nbd2 Qe7 11. O-O a5 12. Qc2 b6 13. Rfd1 Bb7 14. Nf1 Rad8 15. Rac1 Be4 16. Qb3 Nc5 17. Qa3 Nfd7 18. c4 h6 19. N1d2 Bb7 20. Nb3 Qe6 21. Nfd2 Nxb3 22. Qxb3 Nc5 23. Qc2 Qc6 24. f3 e4 25. fxe4 Nxe4 26. Nxe4 Rxd1+ 27. Rxd1 Qxe4 28. Qxe4 Rxe4 29. Bf3 Bxb2 30. Bxe4 Bxe4 31. Bxc7 a4 32. Bxb6 a3 33. Rd8+ Kh7 34. Bd4 g5 35. Rb8 Bc1 36. Kf2 f5 37. g3 Kg6 38. Ke1 Bg2 39. Kd1 Bb2 40. Bxb2 axb2 41. Rxb2 Bxh3 42. Ke2 Bg2 43. Kf2 Bc6 44. Rb6 h5 45. Rxc6+ Kf7 46. a4 h4 47. Rh6 hxg3+ 48. Kxg3 1-0

[Event "African Games-chT 2019"]
[Site "Casablanca"]
[Date "2019.08.25"]
[Round "6.13"]
[White "Adu, Oladapo"]
[Black "Hamdouchi, Hicham"]
[Result "0-1"]
[ECO "B30"]
[WhiteElo "2273"]
[BlackElo "2562"]
[Annotator "ChessBase"]
[PlyCount "84"]
[EventDate "2019.08.24"]
[EventType "team-tourn"]
[EventCountry "MAR"]
[SourceTitle "playchess.com"]
[Source "ChessBase"]
[SourceQuality "1"]
[WhiteTeam "Nigeria"]
[BlackTeam "Morocco"]
[WhiteTeamCountry "NGR"]
[BlackTeamCountry "MAR"]
[TimeControl "900+10"]

1. e4 c5 2. Nf3 Nc6 3. d3 g6 4. g3 Bg7 5. Bg2 e5 6. O-O Nge7 7. c3 O-O 8. a3 d6 9. b4 a6 10. Bb2 h6 11. Nbd2 Be6 12. Re1 b5 13. Nb3 Qb6 14. Rb1 Rad8 15. d4 exd4 16. cxd4 Bxb3 17. Qxb3 Nxd4 18. Nxd4 cxd4 19. Red1 Rc8 20. Bh3 Rc4 21. Rbc1 Qc6 22. Qd3 d5 23. exd5 Nxd5 24. Bg2 Rd8 25. h4 h5 26. Qe4 Qc7 27. Re1 d3 28. Rxc4 bxc4 29. Bxg7 Kxg7 30. Qd4+ Nf6 31. Qc3 d2 32. Rd1 Rd3 33. Qc2 Qe5 34. Bf1 Qe1 35. Qb1 Rxg3+ 36. fxg3 Qxg3+ 37. Bg2 c3 38. Rf1 Qe3+ 39. Kh1 Ng4 40. Qb3 f5 41. Rf3 Qe1+ 42. Bf1 d1=Q 0-1

[Event "African Games-chT 2019"]
[Site "Casablanca"]
[Date "2019.08.25"]
[Round "6.14"]
[White "Tissir, Mohamed"]
[Black "Osunfuyi, Abimbola"]
[Result "1-0"]
[ECO "D04"]
[WhiteElo "2379"]
[BlackElo "2235"]
[Annotator "ChessBase"]
[PlyCount "89"]
[EventDate "2019.08.24"]
[EventType "team-tourn"]
[EventCountry "MAR"]
[SourceTitle "playchess.com"]
[Source "ChessBase"]
[SourceQuality "1"]
[WhiteTeam "Morocco"]
[BlackTeam "Nigeria"]
[WhiteTeamCountry "MAR"]
[BlackTeamCountry "NGR"]
[TimeControl "900+10"]

1. d4 Nf6 2. Nf3 d5 3. e3 a6 4. Bd3 g6 5. O-O Bg7 6. Nbd2 O-O 7. Qe2 c5 8. c3 Nc6 9. a3 Qd6 10. dxc5 Qxc5 11. e4 e5 12. Re1 Bg4 13. h3 Bxf3 14. Qxf3 Rad8 15. exd5 Qxd5 16. Bc4 Qxf3 17. Nxf3 Nd5 18. Bg5 f6 19. Rad1 Nce7 20. Be3 Kh8 21. Bc5 Rfe8 22. Rd2 b5 23. Ba2 Rc8 24. Bd6 Rcd8 25. Bc5 Rc8 26. Bd6 Rcd8 27. Bxe7 Nxe7 28. Red1 Rxd2 29. Rxd2 Nf5 30. g4 e4 31. Re2 Nd6 32. Nd4 f5 33. Ne6 Be5 34. f4 Bf6 35. g5 Bd8 36. Nxd8 Rxd8 37. Rd2 e3 38. Rd3 Re8 39. Kf1 e2+ 40. Ke1 Ne4 41. Re3 Kg7 42. Bd5 h6 43. h4 hxg5 44. hxg5 Nd6 45. Rxe8 1-0

[Event "African Games-chT 2019"]
[Site "Casablanca"]
[Date "2019.08.25"]
[Round "6.15"]
[White "Ogbiyoyo, Perpetual Eloho"]
[Black "Mayar ElIdrissi, Firdaous"]
[Result "0-1"]
[ECO "B23"]
[WhiteElo "1831"]
[BlackElo "1760"]
[Annotator "NA"]
[PlyCount "64"]
[EventDate "2019.08.24"]
[EventType "team-tourn"]
[EventCountry "MAR"]
[SourceTitle "playchess.com"]
[Source "ChessBase"]
[SourceQuality "1"]
[WhiteTeam "Nigeria"]
[BlackTeam "Morocco"]
[WhiteTeamCountry "NGR"]
[BlackTeamCountry "MAR"]
[TimeControl "900+10"]

1. e4 c5 2. Nc3 e6 3. f4 g6 4. Nf3 Bg7 5. Bc4 Nc6 6. O-O Nge7 7. Re1 O-O 8. d3 d5 9. Bb5 Nd4 10. Nxd4 cxd4 11. Ne2 a6 12. Ba4 b5 13. Bb3 Bb7 14. Ng3 a5 15. a4 b4 16. Qg4 dxe4 17. Nxe4 Bd5 18. Bxd5 Nxd5 19. Qf3 Rc8 20. Re2 Rc7 21. b3 Qd7 22. Bb2 Rfc8 23. Rc1 Ne3 24. Qf2 Rc6 25. Ng3 R8c7 26. Ba1 Qc8 27. c4 bxc3 28. Rxe3 dxe3 29. Qxe3 Qd8 30. Kh1 Qd5 31. Ne4 Qxb3 32. d4 Qxa4 0-1

[Event "African Games-chT 2019"]
[Site "Casablanca"]
[Date "2019.08.25"]
[Round "6.16"]
[White "Rania, Sbai"]
[Black "Ofowino, Toritsemuwa"]
[Result "0-1"]
[ECO "D04"]
[WhiteElo "1853"]
[BlackElo "1877"]
[Annotator "NA"]
[PlyCount "130"]
[EventDate "2019.08.24"]
[EventType "team-tourn"]
[EventCountry "MAR"]
[SourceTitle "playchess.com"]
[Source "ChessBase"]
[SourceQuality "1"]
[WhiteTeam "Morocco"]
[BlackTeam "Nigeria"]
[WhiteTeamCountry "MAR"]
[BlackTeamCountry "NGR"]
[TimeControl "900+10"]

1. d4 d5 2. Nf3 Nf6 3. e3 Bg4 4. c4 c6 5. Nc3 e6 6. Be2 Bd6 7. Qb3 Qb6 8. O-O O-O 9. h3 Bh5 10. Nd2 Bxe2 11. Nxe2 Qxb3 12. axb3 Nbd7 13. Nc3 a6 14. e4 dxe4 15. Ndxe4 Be7 16. Bf4 Nxe4 17. Nxe4 Nf6 18. Nxf6+ Bxf6 19. Be5 Rfd8 20. Rfd1 Be7 21. Rd3 Rd7 22. Rad1 Rad8 23. Kf1 Bb4 24. Ke2 Bd6 25. Ke3 f6 26. Bxd6 Rxd6 27. Ke4 Kf7 28. f4 Ke7 29. f5 exf5+ 30. Kxf5 Re6 31. d5 cxd5 32. cxd5 Re5+ 33. Kf4 Kd6 34. R1d2 Rc8 35. g3 Rc5 36. Rd4 Rcxd5 37. R2d3 Rxd4+ 38. Rxd4+ Rd5 39. Rb4 Kc6 40. Re4 Rd7 41. Ke3 Rd5 42. Kf4 Kd7 43. Re2 Rd3 44. Rc2 Rxb3 45. Rd2+ Ke7 46. Rc2 Kf7 47. h4 Rb4+ 48. Kf3 Kg6 49. g4 h5 50. gxh5+ Kxh5 51. Rg2 g5 52. hxg5 fxg5 53. Rh2+ Kg6 54. Rg2 Kf5 55. Rc2 g4+ 56. Kg3 Rb3+ 57. Kg2 Kg5 58. Rd2 b6 59. Rc2 a5 60. Rd2 b5 61. Rc2 a4 62. Rd2 b4 63. Kg1 a3 64. bxa3 bxa3 65. Ra2 g3 0-1

[Event "African Games-chT 2019"]
[Site "Casablanca"]
[Date "2019.08.25"]
[Round "6.17"]
[White "Gohil, Mehul"]
[Black "Mesfin, Leykun"]
[Result "1/2-1/2"]
[ECO "A45"]
[WhiteElo "2076"]
[BlackElo "2151"]
[Annotator "ChessBase"]
[PlyCount "205"]
[EventDate "2019.08.24"]
[EventType "team-tourn"]
[EventCountry "MAR"]
[SourceTitle "playchess.com"]
[Source "ChessBase"]
[SourceQuality "1"]
[WhiteTeam "Kenya"]
[BlackTeam "Ethiopia"]
[WhiteTeamCountry "KEN"]
[BlackTeamCountry "ETH"]
[TimeControl "900+10"]

1. d4 Nf6 2. Bg5 h6 3. Bxf6 exf6 4. e3 Be7 5. g3 O-O 6. Bg2 d5 7. Ne2 c6 8. O-O Nd7 9. Nd2 Re8 10. c4 dxc4 11. Nxc4 Nb6 12. Nxb6 Qxb6 13. Qc2 Qa5 14. Rfc1 Bf5 15. Qb3 Rab8 16. a3 Bf8 17. Qc3 Qxc3 18. Rxc3 g5 19. Nc1 Rbd8 20. Nb3 Kg7 21. Nc5 Re7 22. Bf3 Bg6 23. Rac1 f5 24. Rb3 b6 25. Nd3 f4 26. Ne5 Rd6 27. Nxc6 Rc7 28. Rbc3 fxe3 29. fxe3 h5 30. Ne5 Rxc3 31. Rxc3 Re6 32. Rc6 Bd6 33. Bd5 Rxe5 34. dxe5 Bxe5 35. b3 Bb2 36. a4 Ba3 37. Rc7 a5 38. Kf2 Bc5 39. Ke2 Bd6 40. Rb7 Bc5 41. e4 h4 42. gxh4 gxh4 43. h3 Kf6 44. Kf3 Ke5 45. Kg4 f5+ 46. Kg5 fxe4 47. Bc4 Bf5 48. Kxh4 Bf2+ 49. Kg5 Bxh3 50. Re7+ Kd4 51. Kf4 Be3+ 52. Kg3 Bf5 53. Rf7 Ke5 54. Re7+ Kf6 55. Re8 Bc5 56. Kf4 e3 57. Kf3 Bd7 58. Rh8 Ke5 59. Rh4 Bc6+ 60. Ke2 Be4 61. Rg4 Bf5 62. Rh4 Kf6 63. Kf3 Kg5 64. Rf4 Bg6 65. Rg4+ Kh6 66. Kf4 Bc2 67. Rg2 Bd1 68. Ke4 Bh5 69. Be2 Bf7 70. Bd1 Bg6+ 71. Ke5 Bd3 72. Be2 Bc2 73. Bc4 Bd1 74. Kf6 Kh5 75. Ke5 Bf3 76. Rc2 Kg4 77. Be6+ Kg3 78. Bc4 Bd1 79. Ra2 Kf3 80. Bd5+ Kg3 81. Bc4 Bb4 82. Ke4 Bd2 83. Kd3 Bc1 84. Ke4 Bf3+ 85. Kd4 Bg4 86. Be2 Bxe2 87. Rxe2 Kf3 88. Kd3 Bd2 89. Rh2 Kg3 90. Re2 Kf3 91. Rh2 Kg3 92. Rh8 Kf2 93. Rh2+ Kg3 94. Rh6 Kf2 95. Rf6+ Ke1 96. Rxb6 Kd1 97. Re6 Kc1 98. Ke2 Kb2 99. Rb6 Ka3 100. Kd3 Bb4 101. Kxe3 Kxb3 102. Kd3 Kxa4 103. Kc2 1/2-1/2

[Event "African Games-chT 2019"]
[Site "Casablanca"]
[Date "2019.08.25"]
[Round "6.18"]
[White "Gole, Habtamu Ashenafi"]
[Black "Sang, Ricky"]
[Result "1-0"]
[ECO "B90"]
[WhiteElo "2046"]
[BlackElo "1971"]
[Annotator "NA"]
[PlyCount "99"]
[EventDate "2019.08.24"]
[EventType "team-tourn"]
[EventCountry "MAR"]
[SourceTitle "playchess.com"]
[Source "ChessBase"]
[SourceQuality "1"]
[WhiteTeam "Ethiopia"]
[BlackTeam "Kenya"]
[WhiteTeamCountry "ETH"]
[BlackTeamCountry "KEN"]
[TimeControl "900+10"]

1. e4 c5 2. Nf3 d6 3. d4 cxd4 4. Nxd4 Nf6 5. Nc3 a6 6. a4 e6 7. Be2 Be7 8. O-O O-O 9. Kh1 Qc7 10. f4 Bd7 11. Be3 Nc6 12. Nb3 Rac8 13. a5 Nb4 14. Bb6 Qb8 15. Rc1 Bc6 16. Qd4 d5 17. Bc5 Bxc5 18. Qxc5 Nxc2 19. Rxc2 dxe4 20. Rcc1 Nd5 21. Qf2 Nb4 22. Nd4 Bd5 23. Rfe1 Nd3 24. Bxd3 exd3 25. Nxd5 exd5 26. Qd2 Rxc1 27. Rxc1 Rc8 28. Rf1 Qc7 29. Qxd3 Qxa5 30. Nf5 Re8 31. Qd4 f6 32. Qf2 Qc7 33. Qg3 Kh8 34. h4 h6 35. Kh2 b5 36. Rc1 Qd7 37. Qg6 Rd8 38. Re1 Qc7 39. Kh3 Rg8 40. Re7 Qxf4 41. Rxg7 Qxf5+ 42. Qxf5 Rxg7 43. Qxf6 Kh7 44. Qxa6 b4 45. Qd3+ Kh8 46. Qxd5 Kh7 47. Qe4+ Kh8 48. Qxb4 h5 49. Qd4 Kh7 50. Qxg7+ 1-0

[Event "African Games-chT 2019"]
[Site "Casablanca"]
[Date "2019.08.25"]
[Round "6.19"]
[White "Ndirangu, Joyce Nyaruai"]
[Black "Haile, Lidet Abate"]
[Result "0-1"]
[ECO "D00"]
[WhiteElo "1662"]
[BlackElo "1593"]
[Annotator "NA"]
[PlyCount "84"]
[EventDate "2019.08.24"]
[EventType "team-tourn"]
[EventCountry "MAR"]
[SourceTitle "playchess.com"]
[Source "ChessBase"]
[SourceQuality "1"]
[WhiteTeam "Kenya"]
[BlackTeam "Ethiopia"]
[WhiteTeamCountry "KEN"]
[BlackTeamCountry "ETH"]
[TimeControl "900+10"]

1. d4 d5 2. Bf4 Bf5 3. e3 e6 4. Be2 Be7 5. Nf3 h6 6. Nbd2 Nf6 7. c3 Nbd7 8. Ne5 c6 9. Ndf3 Nh5 10. Nxd7 Nxf4 11. exf4 Qxd7 12. Ne5 Qc7 13. Bh5 O-O 14. g3 f6 15. Ng4 Kh7 16. Ne3 Be4 17. f3 Bf5 18. Nxf5 exf5 19. Qc2 g6 20. g4 Qxf4 21. Bxg6+ Kxg6 22. Kf2 Rg8 23. Rae1 Rae8 24. gxf5+ Kh7 25. Qd3 Qh4+ 26. Kf1 Qh3+ 27. Ke2 Bd6+ 28. Kd1 Rxe1+ 29. Rxe1 Qxh2 30. Qc2 Qxc2+ 31. Kxc2 Kg7 32. Re6 Rd8 33. Kd3 Kf7 34. b3 Bf4 35. c4 dxc4+ 36. bxc4 Be5 37. d5 cxd5 38. c5 Re8 39. a4 Rxe6 40. fxe6+ Kxe6 41. a5 Bc7 42. a6 bxa6 0-1

[Event "African Games-chT 2019"]
[Site "Casablanca"]
[Date "2019.08.25"]
[Round "6.20"]
[White "Eshete, Ruth Leykun"]
[Black "Mongeli, Sasha"]
[Result "0-1"]
[ECO "C42"]
[WhiteElo "1495"]
[BlackElo "1527"]
[Annotator "NA"]
[PlyCount "81"]
[EventDate "2019.08.24"]
[EventType "team-tourn"]
[EventCountry "MAR"]
[SourceTitle "playchess.com"]
[Source "ChessBase"]
[SourceQuality "1"]
[WhiteTeam "Ethiopia"]
[BlackTeam "Kenya"]
[WhiteTeamCountry "ETH"]
[BlackTeamCountry "KEN"]
[TimeControl "900+10"]

1. e4 e5 2. Nf3 Nf6 3. Nc3 Bb4 4. d3 Nc6 5. Bd2 O-O 6. a3 Be7 7. g3 d6 8. Bg2 Be6 9. O-O Qd7 10. Bg5 h6 11. Bd2 Bh3 12. b4 a6 13. Ne1 Nd4 14. f4 Bxg2 15. Nxg2 Qh3 16. Ne3 c6 17. Ne2 Nxe2+ 18. Qxe2 Rfe8 19. Qg2 Qxg2+ 20. Nxg2 Nd7 21. Bc3 Bf6 22. Ne1 Nb6 23. Rd1 Nd7 24. fxe5 Bxe5 25. Bxe5 Nxe5 26. Nf3 Re7 27. Nxe5 Rxe5 28. Rf4 Rae8 29. Rdf1 f6 30. Rf5 Kf7 31. Kg2 Ra8 32. c3 a5 33. Kh3 Rxf5 34. Rxf5 axb4 35. axb4 Ra3 36. Ra5 Rxc3 37. Ra7 Rxd3 38. Rxb7+ Kg6 39. Rc7 Rc3 40. b5 c5 41. b6 0-1

[Event "African Games-chT 2019"]
[Site "Casablanca"]
[Date "2019.08.25"]
[Round "6.21"]
[White "Chumfwa, Stanley"]
[Black "Mwale, Joseph"]
[Result "0-1"]
[ECO "D37"]
[WhiteElo "2317"]
[BlackElo "2231"]
[Annotator "NA"]
[PlyCount "130"]
[EventDate "2019.08.24"]
[EventType "team-tourn"]
[EventCountry "MAR"]
[SourceTitle "playchess.com"]
[Source "ChessBase"]
[SourceQuality "1"]
[WhiteTeam "Zambia"]
[BlackTeam "MAW"]
[WhiteTeamCountry "ZAM"]
[TimeControl "900+10"]

1. Nf3 Nf6 2. d4 e6 3. c4 d5 4. Nc3 Be7 5. Bg5 h6 6. Bxf6 Bxf6 7. e3 O-O 8. Rc1 c5 9. cxd5 cxd4 10. Nxd4 exd5 11. Be2 Nc6 12. Nxc6 bxc6 13. O-O Be6 14. Na4 Qd6 15. b3 Be5 16. g3 Bh3 17. Re1 d4 18. exd4 Bxd4 19. Bg4 Bxg4 20. Qxg4 c5 21. Qf3 Rae8 22. Kg2 Re6 23. Qd3 Rfe8 24. Rxe6 Rxe6 25. Rc2 Re1 26. Qf3 Qg6 27. Re2 Qb1 28. Rxe1 Qxe1 29. h3 g6 30. h4 h5 31. Qf4 Qe2 32. b4 Qxa2 33. Nxc5 Bxc5 34. bxc5 Qd5+ 35. f3 Qxc5 36. g4 hxg4 37. fxg4 a5 38. Qa4 Qd5+ 39. Kg3 Qd3+ 40. Kg2 Qd2+ 41. Kg3 Qc3+ 42. Kg2 Kg7 43. g5 Kh7 44. Qa2 Kg8 45. Qa4 Qd2+ 46. Kg3 Kh7 47. Qc4 Qe1+ 48. Kg2 Qe6 49. Qa4 Qd5+ 50. Kg3 Qd3+ 51. Kg2 Qd5+ 52. Kh3 Qe5 53. Kg2 Qf5 54. Kg3 Qc5 55. Qa2 Qg1+ 56. Kf3 Qf1+ 57. Kg3 Qe1+ 58. Kf3 Kg8 59. Qa4 Kf8 60. Qd4 Kg8 61. Qa4 Qb4 62. Qe8+ Kg7 63. Qe5+ Kh7 64. Qe8 Qb3+ 65. Kg4 Qe6+ 0-1

[Event "African Games-chT 2019"]
[Site "Casablanca"]
[Date "2019.08.25"]
[Round "6.22"]
[White "Mphungu, Gerrard"]
[Black "Kayonde, Andrew"]
[Result "0-1"]
[ECO "D44"]
[WhiteElo "2107"]
[BlackElo "2384"]
[Annotator "ChessBase"]
[PlyCount "40"]
[EventDate "2019.08.24"]
[EventType "team-tourn"]
[EventCountry "MAR"]
[SourceTitle "playchess.com"]
[Source "ChessBase"]
[SourceQuality "1"]
[WhiteTeam "MAW"]
[BlackTeam "Zambia"]
[BlackTeamCountry "ZAM"]
[TimeControl "900+10"]

1. d4 d5 2. c4 c6 3. Nf3 Nf6 4. Nc3 e6 5. Bg5 dxc4 6. e4 b5 7. e5 h6 8. Bh4 g5 9. Nxg5 hxg5 10. Bxg5 Nbd7 11. exf6 Bb7 12. g3 Qb6 13. Bg2 O-O-O 14. O-O c5 15. d5 b4 16. Rb1 Qa6 17. dxe6 Bxg2 18. Kxg2 Qxe6 19. Qd5 bxc3 20. Qa8+ Nb8 0-1

[Event "African Games-chT 2019"]
[Site "Casablanca"]
[Date "2019.08.25"]
[Round "6.23"]
[White "Mwango, Lorita"]
[Black "Nkhoma, Desiderata"]
[Result "1-0"]
[ECO "D02"]
[WhiteElo "1947"]
[BlackElo "1481"]
[Annotator "NA"]
[PlyCount "66"]
[EventDate "2019.08.24"]
[EventType "team-tourn"]
[EventCountry "MAR"]
[SourceTitle "playchess.com"]
[Source "ChessBase"]
[SourceQuality "1"]
[WhiteTeam "Zambia"]
[BlackTeam "MAW"]
[WhiteTeamCountry "ZAM"]
[TimeControl "900+10"]

1. d4 d5 2. Nf3 Nf6 3. Bf4 g6 4. e3 Bg7 5. Be2 O-O 6. h3 Nc6 7. O-O Re8 8. Nc3 Nh5 9. Bh2 Nf6 10. Nb5 e5 11. dxe5 Ne4 12. e6 Nd6 13. exf7+ Kxf7 14. Nxd6+ cxd6 15. Qxd5+ Kf8 16. Bxd6+ Re7 17. Bc4 Ke8 18. Ng5 Qd7 19. Qg8+ Bf8 20. Rad1 Ne5 21. Bxe5 Qf5 22. Bf4 Bd7 23. Nxh7 Rd8 24. Nxf8 Qxf8 25. Qxg6+ Rf7 26. Bxf7+ Qxf7 27. Qxf7+ Kxf7 28. Rd6 b5 29. Rfd1 Ke7 30. Bg5+ Ke8 31. Bxd8 Bc8 32. Ba5 Bf5 33. e4 Bc8 1-0

[Event "African Games-chT 2019"]
[Site "Casablanca"]
[Date "2019.08.25"]
[Round "6.24"]
[White "Msukwa, Tupokiwe"]
[Black "Mululu Linah"]
[Result "0-1"]
[ECO "D37"]
[WhiteElo "1289"]
[BlackElo "1633"]
[Annotator "NA"]
[PlyCount "68"]
[EventDate "2019.08.24"]
[EventType "team-tourn"]
[EventCountry "MAR"]
[SourceTitle "playchess.com"]
[Source "ChessBase"]
[SourceQuality "1"]
[WhiteTeam "MAW"]
[BlackTeam "Zambia"]
[BlackTeamCountry "ZAM"]
[TimeControl "900+10"]

1. d4 d5 2. c4 e6 3. Nc3 Nf6 4. Nf3 Nbd7 5. a3 c6 6. c5 b6 7. b4 Be7 8. e3 O-O 9. Bd3 a5 10. Bb2 h6 11. h3 axb4 12. axb4 Bb7 13. O-O bxc5 14. bxc5 Qc7 15. Qc2 Rfb8 16. Rxa8 Rxa8 17. Ra1 Rxa1+ 18. Bxa1 Qa5 19. Qb2 Ba6 20. Bxa6 Qxa6 21. Na2 Ne4 22. Nb4 Qb5 23. Nxd5 exd5 24. Nd2 Nxd2 25. Qxd2 Qb1+ 26. Kh2 Qxa1 27. Qd3 Qe1 28. Qf5 Nf6 29. Qc8+ Kh7 30. Kg3 Ne4+ 31. Kh2 Qxf2 32. Qxc6 Bh4 33. Qxd5 Bg3+ 34. Kh1 Qf1# 0-1

[Event "African Games-chT 2019"]
[Site "Casablanca"]
[Date "2019.08.25"]
[Round "6.26"]
[White "Espirito Santo, Waldyr"]
[Black "Traore, Bakary"]
[Result "1-0"]
[ECO "C47"]
[WhiteElo "1923"]
[BlackElo "2189"]
[Annotator "NA"]
[PlyCount "105"]
[EventDate "2019.08.24"]
[EventType "team-tourn"]
[EventCountry "MAR"]
[SourceTitle "playchess.com"]
[Source "ChessBase"]
[SourceQuality "1"]
[WhiteTeam "STP"]
[BlackTeam "Mali"]
[BlackTeamCountry "MLI"]
[TimeControl "900+10"]

1. e4 e5 2. Nf3 Nf6 3. Nc3 Nc6 4. Be2 Bb4 5. d3 O-O 6. O-O d5 7. exd5 Nxd5 8. Bg5 f6 9. Bd2 Nxc3 10. bxc3 Bc5 11. Ne1 Be6 12. Be3 Bb6 13. Qd2 f5 14. f4 Qd6 15. Bxb6 axb6 16. a4 Rae8 17. fxe5 Qxe5 18. Nf3 Qd6 19. d4 Bd5 20. Bb5 Bxf3 21. Rxf3 Re7 22. Qf2 Qd5 23. Rf1 g6 24. Qh4 Qd6 25. Bc4+ Kh8 26. Qh6 Rfe8 27. Rf4 Re1 28. h4 Rxf1+ 29. Bxf1 Qf8 30. Qg5 Qe7 31. Qh6 Qg7 32. Qg5 Qe7 33. Qh6 Nd8 34. Bc4 Nf7 35. Bxf7 Qxf7 36. Qg5 Qe7 37. Qxe7 Rxe7 38. Kf2 Kg7 39. c4 Re8 40. c5 bxc5 41. dxc5 Re5 42. Rc4 Kf6 43. a5 Re4 44. Rxe4 fxe4 45. c6 bxc6 46. a6 Kf5 47. a7 Kg4 48. g3 e3+ 49. Kxe3 Kxg3 50. a8=Q Kxh4 51. Qf8 h5 52. Qf2+ Kh3 53. Kf3 1-0

[Event "African Games-chT 2019"]
[Site "Casablanca"]
[Date "2019.08.25"]
[Round "6.29"]
[White "Amba, Oyon Marius Claude"]
[Black "Beukes, Dante M"]
[Result "0-1"]
[ECO "B32"]
[WhiteElo "1911"]
[BlackElo "2130"]
[Annotator "NA"]
[PlyCount "54"]
[EventDate "2019.08.24"]
[EventType "team-tourn"]
[EventCountry "MAR"]
[SourceTitle "playchess.com"]
[Source "ChessBase"]
[SourceQuality "1"]
[WhiteTeam "CMR"]
[BlackTeam "Namibia"]
[BlackTeamCountry "NAM"]
[TimeControl "900+10"]

1. e4 c5 2. Nf3 Nc6 3. d4 cxd4 4. Nxd4 g6 5. Bc4 Qa5+ 6. c3 Bg7 7. O-O Nf6 8. Nd2 O-O 9. Kh1 d5 10. exd5 Nxd5 11. N2b3 Qd8 12. Qf3 Nb6 13. Nxc6 bxc6 14. Rd1 Qc7 15. Bf4 e5 16. Bxe5 Bxe5 17. Bd3 Na4 18. Rab1 Be6 19. Be4 Rac8 20. Nd4 Nc5 21. Bxc6 Bxd4 22. cxd4 Qxc6 23. d5 Qa8 24. b4 Na4 25. dxe6 Qxf3 26. gxf3 Nc3 27. exf7+ Kg7 0-1

[Event "African Games-chT 2019"]
[Site "Casablanca"]
[Date "2019.08.25"]
[Round "6.30"]
[White "Eichab, Charles"]
[Black "Ebosse, Kingue Victor Patric"]
[Result "1-0"]
[ECO "A15"]
[WhiteElo "2016"]
[BlackElo "2055"]
[Annotator "NA"]
[PlyCount "109"]
[EventDate "2019.08.24"]
[EventType "team-tourn"]
[EventCountry "MAR"]
[SourceTitle "playchess.com"]
[Source "ChessBase"]
[SourceQuality "1"]
[WhiteTeam "Namibia"]
[BlackTeam "CMR"]
[WhiteTeamCountry "NAM"]
[TimeControl "900+10"]

1. c4 Nf6 2. g3 g6 3. Bg2 Bg7 4. Nc3 O-O 5. Nf3 d6 6. O-O Nc6 7. d3 e5 8. Rb1 a5 9. a3 d5 10. cxd5 Nxd5 11. Nxd5 Qxd5 12. Be3 a4 13. Nd4 Qd6 14. Nxc6 bxc6 15. Qc2 Rd8 16. Bxc6 Ra6 17. Rfc1 h5 18. Bxa4 Bh3 19. Bc6 h4 20. Qc4 Bc8 21. a4 hxg3 22. hxg3 Qf6 23. Bb5 Rad6 24. Qxc7 e4 25. dxe4 Bh3 26. Rc6 Qe5 27. Bd3 R8d7 28. Qc8+ Rd8 29. Qc7 R8d7 30. Qb6 Re6 31. Rxe6 Bxe6 32. Kg2 Bf6 33. Bf4 Qd4 34. Qxd4 Bxd4 35. b4 Ra7 36. a5 Bd7 37. a6 Ra8 38. b5 Bb6 39. Be5 Kf8 40. Bf6 Ke8 41. Rb2 Be6 42. f4 Kd7 43. Kf3 Rc8 44. g4 Ke8 45. f5 gxf5 46. gxf5 Bd7 47. e3 Rc1 48. Bd4 Bxd4 49. exd4 Bc8 50. Rc2 Rxc2 51. Bxc2 Kd8 52. Bd3 Kc7 53. Kf4 f6 54. e5 Bd7 55. Bc4 1-0

[Event "African Games-chT 2019"]
[Site "Casablanca"]
[Date "2019.08.25"]
[Round "6.31"]
[White "Magne, Kouokam Sylviane"]
[Black "Tjaronda, Nicola"]
[Result "1/2-1/2"]
[ECO "B08"]
[WhiteElo "1317"]
[BlackElo "1545"]
[Annotator "NA"]
[PlyCount "133"]
[EventDate "2019.08.24"]
[EventType "team-tourn"]
[EventCountry "MAR"]
[SourceTitle "playchess.com"]
[Source "ChessBase"]
[SourceQuality "1"]
[WhiteTeam "CMR"]
[BlackTeam "Namibia"]
[BlackTeamCountry "NAM"]
[TimeControl "900+10"]

1. d4 d6 2. Nf3 g6 3. Nc3 Bg7 4. e4 Nf6 5. Be2 O-O 6. Bf4 Re8 7. e5 dxe5 8. Nxe5 Nd5 9. Nxd5 Qxd5 10. Bf3 Qa5+ 11. Bd2 Qb6 12. Bc3 Nd7 13. Qe2 Nxe5 14. dxe5 Be6 15. O-O Rad8 16. Rfd1 c6 17. a3 Qc7 18. Rd3 Bc4 19. Rad1 Bxd3 20. cxd3 e6 21. b4 b6 22. h4 c5 23. h5 cxb4 24. Bxb4 Qxe5 25. Qxe5 Bxe5 26. Bc6 Bg7 27. Bxe8 Rxe8 28. hxg6 hxg6 29. f3 Rd8 30. Kf1 a5 31. Be7 Rd7 32. Bg5 Bf8 33. a4 Bc5 34. Bf6 Bd4 35. Bh4 Bg7 36. Bf2 Bd4 37. Bh4 Rc7 38. Bg3 Rc2 39. Re1 Ra2 40. Re4 Rxa4 41. f4 Ra1+ 42. Ke2 Bf6 43. Bf2 Ra2+ 44. Kf3 Rb2 45. Rc4 b5 46. Rc8+ Kg7 47. g4 a4 48. g5 Rxf2+ 49. Kxf2 Bd4+ 50. Ke2 a3 51. Ra8 b4 52. Kd1 e5 53. fxe5 Bxe5 54. Kc2 f6 55. Ra7+ Kf8 56. gxf6 Bxf6 57. Kb3 Be7 58. Ra6 g5 59. d4 Ke8 60. Ra8+ Kd7 61. d5 g4 62. Rg8 Kd6 63. Rxg4 Kxd5 64. Rg7 Bc5 65. Rd7+ Kc6 66. Rd3 Kb5 67. Rh3 1/2-1/2

[Event "African Games-chT 2019"]
[Site "Casablanca"]
[Date "2019.08.25"]
[Round "6.32"]
[White "Mentile, Lishen"]
[Black "Youwou Pedhom, Grace Christie"]
[Result "1-0"]
[ECO "B01"]
[WhiteElo "1513"]
[BlackElo "1640"]
[Annotator "NA"]
[PlyCount "109"]
[EventDate "2019.08.24"]
[EventType "team-tourn"]
[EventCountry "MAR"]
[SourceTitle "playchess.com"]
[Source "ChessBase"]
[SourceQuality "1"]
[WhiteTeam "Namibia"]
[WhiteTeamCountry "NAM"]
[TimeControl "900+10"]

1. e4 d5 2. exd5 Qxd5 3. Nc3 Qd8 4. d4 Nf6 5. h3 e6 6. Nf3 Be7 7. Bc4 O-O 8. O-O a6 9. Bg5 b5 10. Bb3 c5 11. dxc5 Bxc5 12. Qxd8 Rxd8 13. Bxf6 gxf6 14. Ne4 Nd7 15. Rad1 Bb7 16. Rfe1 f5 17. Nxc5 Nxc5 18. Ne5 Kf8 19. c3 Ke7 20. Bc2 h6 21. Nf3 Bxf3 22. gxf3 Rg8+ 23. Kf1 Rg7 24. Bxf5 Kf6 25. Bc2 Rag8 26. Ke2 Rg2 27. Rh1 h5 28. Ke3 h4 29. f4 e5 30. fxe5+ Kxe5 31. Kf3 f5 32. Rhe1+ Kf6 33. Rd6+ Kf7 34. Bxf5 Rg1 35. Rxg1 Rxg1 36. Rc6 Na4 37. b3 Nb2 38. Rxa6 Nd1 39. Rc6 Rf1 40. Ke2 Rxf2+ 41. Kxd1 Rxf5 42. Ke2 Rg5 43. Rh6 Rg2+ 44. Kf1 Rxa2 45. Rxh4 Ra3 46. Rb4 Kg6 47. Rxb5 Kf6 48. Kf2 Ke6 49. Kg3 Kd6 50. Rb4 Kc5 51. Rb8 Kd5 52. Kg4 Ke4 53. h4 Kd3 54. c4 Kc3 55. c5 1-0